Map: Odyssey LE

Players

eXile

  • Race: Zerg Zerg
  • League: Platinum
  • Spawn Location: 5:00

IVAN - Winner!

  • Race: Protoss Protoss
  • Spawn Location: 11:00

VOD

Have the link to the VOD?

Description

Time

  • Played on: May 29, 2017, 5:07 p.m.
  • Length: 14:36
Show
View Real Time Build Order
Export as new Build Order

eXile Zerg 

Build Orders: Hatch First 

Get SALT Encoding   

  12  0:02  Drone  
  13  0:13  Overlord  
  13  0:25  Drone  
  14  0:36  Drone  
  14  0:37  Drone x2  
  17  0:58  Hatchery  
  17  1:02  Drone x2  
  18  1:11  Extractor  
  18  1:18  Spawning Pool  
  16  1:23  Drone x2  
  18  1:39  Drone  
  19  1:42  Overlord  
  19  1:55  Drone  
  20  2:05  Queen  
  22  2:12  Metabolic Boost, Zergling x4  
  22  2:14  Queen  
  26  2:18  Drone  
  27  2:30  Drone x2  
  29  2:42  Drone x2  
  31  2:48  Drone x2  
  33  2:59  Zergling x4  
  33  3:04  Baneling Nest  
  34  3:05  Zergling x2  
  34  3:07  Overlord  
  35  3:16  Pneumatized Carapace  
  35  3:21  Drone  
  35  3:22  Extractor  
  35  3:23  Overlord  
  35  3:27  Drone x6  
  41  3:40  Spore Crawler x2  
  39  3:41  Drone x3  
  37  4:18  Lair  
  37  4:21  Drone  
  37  4:22  Drone x2  
  40  4:25  Hatchery  
  39  4:34  Queen, Evolution Chamber  
  39  4:35  Evolution Chamber  
  39  4:55  Zergling x2  
  39  4:56  Zergling x14  
  39  4:57  Zergling x2  
  48  5:10  Queen  
  50  5:19  Centrifical Hooks  
  50  5:22  Hydralisk Den  
  50  5:26  Queen, Overlord x2  
  50  5:27  Overlord  
  51  5:52  Hydralisk x2  
  51  5:53  Hydralisk x4  
  63  6:08  Extractor  
  62  6:15  Drone x2  
  62  6:16  Drone x5  
  69  6:28  Nydus Network  
  68  6:39  Extractor  
  67  6:58  Zergling x14  
  74  7:26  Nydus Canal  
  74  7:29  Overlord x5  
  74  7:48  Hydralisk x6  
  74  7:49  Hydralisk x4  
  76  8:24  Hydralisk  
  76  8:25  Hydralisk x5  
  68  8:42  Infestation Pit  
  65  9:02  Hydralisk x4  
  55  9:29  Muscular Augments  
  55  9:33  Drone x2  
  55  9:34  Drone x7  
  64  9:42  Zerg Missile Weapons Level 1  
  64  9:43  Zerg Ground Armor Level 1, Queen  
  64  9:44  Queen  
  64  9:45  Queen  
  70  10:06  Zergling x14  
  73  10:33  Zergling x2  
  73  10:34  Zergling x14  
  81  10:45  Zergling x6  
  84  10:52  Hatchery  
  83  11:07  Zergling x4  
  83  11:08  Zergling x10  
  90  11:22  Hydralisk x6  
  90  11:23  Hydralisk x2  
  102  11:51  Hydralisk  
  102  11:52  Hydralisk  
  105  12:08  Hydralisk x3  
  104  12:09  Overlord x3  
  104  12:10  Overlord x2  
  103  12:24  Hive  
  103  12:27  Overseer  
  103  12:37  Hydralisk x3  
  103  12:38  Hydralisk x4  
  103  12:43  Queen  
  113  13:07  Baneling x4  
  113  13:08  Baneling x7  
  113  13:10  Zergling x26  
  126  13:17  Drone x3  
  126  13:18  Drone, Extractor  
  126  13:19  Extractor  
  128  13:32  Baneling x6  
  128  13:33  Baneling x9  
  128  13:34  Baneling x4  
  128  13:36  Hydralisk x4  
  128  13:37  Hydralisk x3  
Show
View Real Time Build Order
Export as new Build Order

IVAN Protoss - Winner!

Build Orders: 1 Gate Expand, Oracle Opening 

Get SALT Encoding   

  12  0:01  Probe (Chrono Boost)  
  13  0:11  Probe (Chrono Boost)  
  14  0:17  Pylon  
  14  0:24  Probe (Chrono Boost)  
  15  0:35  Probe (Chrono Boost)  
  16  0:40  Gateway  
  16  0:45  Assimilator  
  16  0:47  Probe (Chrono Boost)  
  17  0:57  Probe (Chrono Boost)  
  17  1:00  Assimilator  
  18  1:08  Probe (Chrono Boost)  
  19  1:27  Nexus  
  19  1:35  Cybernetics Core  
  19  1:39  Probe (Chrono Boost)  
  20  1:49  Probe (Chrono Boost)  
  20  1:52  Pylon  
  21  2:00  Probe (Chrono Boost)  
  22  2:12  Adept  
  26  2:16  Mothership Core (Chrono Boost)  
  26  2:22  Warp Gate  
  26  2:34  Probe (Chrono Boost)  
  27  2:44  Probe (Chrono Boost)  
  27  2:46  Probe (Chrono Boost), Stargate  
  29  2:54  Adept  
  29  2:55  Probe (Chrono Boost)  
  29  2:57  Probe (Chrono Boost)  
  34  3:05  Probe (Chrono Boost)  
  34  3:07  Probe (Chrono Boost)  
  35  3:14  Gateway  
  35  3:17  Probe (Chrono Boost)  
  36  3:20  Gateway  
  36  3:22  Pylon  
  36  3:26  Pylon  
  37  3:27  Probe (Chrono Boost)  
  37  3:34  Oracle  
  37  3:38  Adept, Probe (Chrono Boost)  
  43  3:41  Probe (Chrono Boost)  
  44  3:49  Probe (Chrono Boost)  
  44  3:52  Assimilator  
  45  4:13  Probe (Chrono Boost)  
  46  4:17  Probe (Chrono Boost)  
  46  4:23  Probe (Chrono Boost)  
  48  4:28  Probe (Chrono Boost)  
  49  4:31  Assimilator  
  49  4:34  Probe (Chrono Boost)  
  49  4:38  Pylon  
  50  4:43  Fleet Beacon, Probe (Chrono Boost)  
  50  4:44  Oracle  
  55  4:45  Probe (Chrono Boost)  
  55  4:53  Probe (Chrono Boost)  
  55  4:56  Probe (Chrono Boost)  
  57  5:10  Probe x2 (Chrono Boost)  
  57  5:13  Adept x3  
  65  5:27  Stargate  
  65  5:29  Probe (Chrono Boost)  
  65  5:35  Pylon  
  66  5:36  Pylon  
  66  5:38  Pylon  
  66  5:46  Stalker x2  
  70  6:11  Carrier  
  70  6:12  Carrier, Probe (Chrono Boost)  
  83  6:27  Probe (Chrono Boost)  
  83  6:29  Probe (Chrono Boost)  
  82  6:38  Nexus  
  82  6:41  Pylon  
  82  6:42  Probe (Chrono Boost)  
  82  6:45  Assimilator  
  80  6:49  Assimilator  
  80  6:53  Graviton Catapult  
  81  7:02  Probe (Chrono Boost), Stargate  
  81  7:21  Adept x3  
  87  7:24  Nexus  
  87  7:25  Pylon  
  87  7:27  Pylon  
  89  7:38  Probe x2 (Chrono Boost)  
  95  7:50  Probe (Chrono Boost)  
  96  7:54  Adept x3  
  100  8:03  Assimilator  
  96  8:07  Assimilator  
  96  8:10  Adept  
  94  8:21  Adept x2  
  90  8:38  Probe (Chrono Boost)  
  90  8:39  Probe (Chrono Boost)  
  92  8:46  Stargate  
  92  8:53  Pylon  
  92  8:55  Fleet Beacon  
  92  9:06  Probe (Chrono Boost)  
  93  9:12  Probe (Chrono Boost)  
  94  9:17  Pylon  
  94  9:20  Protoss Air Weapons Level 1, Robotics Facility  
  94  9:21  Probe (Chrono Boost)  
  94  9:22  Probe (Chrono Boost)  
  96  9:27  Adept x3  
  103  9:31  Probe (Chrono Boost)  
  103  9:40  Carrier x3  
  121  9:49  Probe (Chrono Boost)  
  121  9:52  Adept x2  
  126  9:53  Adept  
  128  10:02  Probe x2 (Chrono Boost)  
  128  10:03  Probe (Chrono Boost)  
  131  10:12  Probe (Chrono Boost)  
  131  10:13  Probe (Chrono Boost)  
  134  10:15  Probe (Chrono Boost)  
  134  10:23  Probe (Chrono Boost)  
  129  10:28  Nexus  
  129  10:30  Observer  
  129  10:31  Pylon  
  129  10:33  Pylon  
  129  10:35  Pylon  
  130  10:36  Gateway  
  130  10:41  Pylon  
  130  10:43  Pylon  
  130  10:51  Observer  
  130  10:54  Adept x3  
  137  11:05  Carrier  
  137  11:09  Stargate  
  143  11:11  Carrier x2  
  155  11:23  Adept x3  
  146  11:40  Gateway  
  146  11:41  Gateway  
  146  11:44  Gateway  
  146  11:46  Forge  
  144  11:55  Adept x2  
  144  11:56  Adept x2  
  150  12:03  Probe x2 (Chrono Boost)  
  150  12:04  Probe (Chrono Boost)  
  150  12:06  Assimilator  
  153  12:08  Assimilator  
  153  12:09  Carrier  
  156  12:19  Adept x3  
  162  12:23  Protoss Shields Level 1  
  162  12:29  Photon Cannon  
  163  12:31  Carrier, Probe (Chrono Boost)  
  163  12:36  Probe x2 (Chrono Boost)  
  171  12:37  Carrier  
  171  12:43  Probe (Chrono Boost)  
  178  12:47  Probe (Chrono Boost)  
  179  12:54  Observer  
  179  12:56  Probe x2 (Chrono Boost)  
  179  12:57  Probe (Chrono Boost)  
  179  12:58  Probe (Chrono Boost)  
  184  13:27  Photon Cannon  
  184  13:31  Photon Cannon  
  184  13:34  Photon Cannon  
  184  13:37  Probe (Chrono Boost)  
  184  13:38  Photon Cannon  
  185  13:41  Probe x2 (Chrono Boost)  
  187  14:01  Pylon  
  187  14:06  Pylon  
  185  14:21  Adept  
Tags
 
Add a new tag
Caveats
  • Supply blocks, unpowered buildings, or Contaminate may cause inaccurate times.
  • Supply counts are checked every 10 seconds.